AoeStats
← vortic

Arena

508302519Analyzed
1v1 RM · 9d ago on Sep 21, 2026· 63m 15s· 2 players
Game mode
Random Map
Map size
Tiny (2 player)
Population
200
Speed
Normal
Resources
Standard
Victory
Conquest
Starting age
Dark Age
Ending age
Imperial Age
RankedLock teamsTeams togetherTeam positionsShared explorationLock speedFull tech treeHidden civsTurbo modeCheats
Victory
Defeat
🇨🇱 Vietnamese · Chile
509
+14
🇧🇷 Lithuanians · Brazil
455
-14
vortic
0:45 Loom
11:54 Feudal Age
12:25 Double-Bit Axe
12:23 Horse Collar
14:24 Gold Mining
19:44 Wheelbarrow
22:53 Castle Age
21:16 Stone Mining
22:08 Bloodlines
24:27 Bow Saw
25:20 Heavy Plow
25:38 Light Cavalry
26:19 Husbandry
31:55 Stone Shaft Mining
32:11 Thumb Ring
32:11 Squires
31:56 Arson
31:32 Pikeman
38:33 Imperial Age
37:08 Elite Skirmisher
38:13 Ballistics
38:25 Treadmill Crane
39:06 Scale Barding Armor
39:12 Forging
39:26 Winged Hussar
41:06 Crop Rotation
40:27 Halberdier
42:12 Capped Ram
44:22 Man-at-Arms
45:47 Iron Casting
45:21 Long Swordsman
46:44 Two-Handed Swordsman
47:49 Champion
52:07 Chemistry
BP | Leftraru
9:51 Feudal Age
17:03 Castle Age
15:33 Horse Collar
15:42 Double-Bit Axe
16:14 Stone Mining
16:53 Gold Mining
18:59 Loom
19:29 Heavy Plow
19:19 Town Watch
19:54 Bow Saw
20:27 Wheelbarrow
21:49 Stone Shaft Mining
20:55 Treadmill Crane
21:37 Ballistics
21:47 Hand Cart
21:17 Town Watch
21:52 Fletching
22:03 Padded Archer Armor
24:42 Bodkin Arrow
25:02 Leather Archer Armor
31:56 Imperial Age
32:48 Guilds
34:18 Two-Man Saw
33:53 Crop Rotation
34:33 Forging
34:23 Scale Mail Armor
34:23 Bracer
34:53 Ring Archer Armor
35:17 Squires
35:03 Arson
34:38 Pikeman
35:57 Iron Casting
36:01 Elite Skirmisher
36:58 Thumb Ring
36:23 Halberdier
37:27 Chain Mail Armor
36:41 Imperial Skirmisher
38:36 Heated Shot
39:46 Chemistry
43:04 Elite Rattan Archer
44:31 Man-at-Arms
46:04 Plate Mail Armor
46:23 Siege Engineers
47:42 Long Swordsman
50:08 Two-Handed Swordsman
51:05 Fortified Wall
52:43 Scale Barding Armor
53:53 Chatras
54:13 Paper Money
54:29 Hoardings
53:25 Sappers
56:22 Champion
58:09 Husbandry
57:29 Elite Battle Elephant
Connection lost

Rejoining the realm…

Still unreachable

The connection could not be restored.

Session expired

The server has moved on; the page needs a fresh start.